[Event "FIDE U16 Olympiad_boards_1-80"]
[Site "Eindhoven, Netherlands"]
[Date "2023.08.14"]
[Round "3.74"]
[White "Milovic, Ilija"]
[Black "Khoury, Theo"]
[Result "0-1"]
[TimeControl "2700+10"]
[WhiteElo "1533"]
[BlackElo "1865"]

1. d4 d5 2. c4 dxc4 3. e4 e5 4. Nf3 Bb4+ 5. Nc3 exd4 6. Nxd4 Nd7 7. Bxc4 Ngf6 8. f3 O-O 9. O-O Ne5 10. Be2 c5 11. Ndb5 Qe7 12. Bg5 c4 13.
Kh1 Bxc3 14. Nxc3 Be6 15. f4 Rfd8 16.
Qb1 Nd3 17. e5 Bf5 18. Bxd3 Bxd3 19. Qc1 Bxf1 20. Qxf1 Qe6 21. exf6 gxf6 22. Bh6 f5 23. Bg5 Rd2 24. Qf3 h6 25.
Bh4 Re8 26. Qxb7 Qd6 27. Qf3 Rxb2 28. Nd5 Re6 29. Qc3 Ree2 30. Nf6+ Kf8 31. Qxc4 Rbc2 32. Qb5 Rxa2 33. Rc1 Rac2 34.
Rg1 Qe6 35. Qb4+ Kg7 36. Qd4 Kg6 37. Qxa7 Rc8 38. g4 Qc6+ 0-1

[Event "FIDE U16 Olympiad_boards_1-80"]
[Site "Eindhoven, Netherlands"]
[Date "2023.08.14"]
[Round "3.75"]
[White "Southcott-Moyers, Indy"]
[Black "Radulovic, Vasilije"]
[Result "1-0"]
[TimeControl "2700+10"]
[WhiteElo "1983"]
[BlackElo "1453"]

1. d4 d5 2. c4 e6 3. Nf3 Nf6 4. Nc3 Be7 5. Bg5 O-O 6. e3 h6 7. Bh4 Ne4 8. Bxe7 Qxe7 9. Qc2 Nxc3 10. Qxc3 dxc4 11. Bxc4 b6 12. O-O Bb7 13. Be2 Rc8 14.
b4 Nd7 15. Rac1 c5 16. dxc5 bxc5 17. b5 Nb6 18. Ne5 Bd5 19. f3 f6 20. Nc4 Rab8 21. e4 Ba8 22. Rfd1 Nxc4 23. Bxc4 Kh8 24.
e5 Rd8 25. exf6 gxf6 26. Qe3 Qg7 27. Bf1 Qg5 28. Qxg5 hxg5 29. Rxd8+ Rxd8 30. Rxc5 Bd5 31. a4 Rd7 32. Kf2 Kg7 33. Bc4 Bxc4 34. Rxc4 Rb7 35. Rc6 Kf7 36. g3 f5 37. h4 gxh4 38.
gxh4 Kf6 39. Ke3 Ke7 40. Kd4 Rd7+ 41. Kc3 Kf6 42. a5 Rb7 43. Kc4 Kg6 44. Rxe6+ Kh5 45. Rf6 Kxh4 46. Rxf5 Kg3 47. Kc5 Rc7+ 48.
Kd6 Rb7 49. Kc6 Rg7 50. b6 Rg6+ 51. Kb7 Rg7+ 52. Ka6 axb6 53. axb6 1-0

[Event "FIDE U16 Olympiad_boards_1-80"]
[Site "Eindhoven, Netherlands"]
[Date "2023.08.14"]
[Round "3.76"]
[White "Mosurovic, Milena"]
[Black "Rida, Ruqayyah"]
[Result "1/2-1/2"]
[TimeControl "2700+10"]
[WhiteElo "1646"]
[BlackElo "1765"]

1. e4 e5 2. Nf3 Nc6 3. Nc3 Nf6 4. d4 exd4 5. Nxd4 Bb4 6. Nxc6 bxc6 7. Bd3 O-O 8. O-O d5 9. exd5 Bg4 10.
f3 Bh5 11. dxc6 Qd4+ 12. Kh1 Bxc3 13. bxc3 Qxc3 14. Bf4 Qxc6 15. h3 Rad8 16. Re1 Bg6 17. Qe2 Bxd3 18. cxd3 Nd5 19. Rac1 Qd7 20.
Bh2 f5 21. Qe6+ Rf7 22. Re2 Qxe6 23. Rxe6 Nb4 24. Rxc7 Rxc7 25. Bxc7 Rd7 26. Bb8 Nxa2 27. Ra6 Nb4 28. Rxa7 Rxa7 29.
Bxa7 Nxd3 1/2-1/2

[Event "FIDE U16 Olympiad_boards_1-80"]
[Site "Eindhoven, Netherlands"]
[Date "2023.08.14"]
[Round "3.77"]
[White "Ritzerveld, Noah"]
[Black "Hernandez Mendez, Iker"]
[Result "1/2-1/2"]
[TimeControl "2700+10"]
[WhiteElo "1959"]
[BlackElo "1686"]

1. e4 c5 2. Nf3 Nc6 3. d4 cxd4 4. Nxd4 g6 5. c4 Nf6 6. Nc3 Nxd4 7. Qxd4 d6 8. f3 Bg7 9. Be3 O-O 10. Qd2 a6 11. Be2 Qa5 12.
O-O Be6 13. Nd5 Qxd2 14. Nxe7+ Kh8 15. Bxd2 Rfe8 16. Nd5 Nxd5 17. cxd5 Bd4+ 18. Kh1 Bxd5 19. Bc3 Bxc3 20. bxc3 Rac8 21.
Rfd1 Be6 22. Rxd6 Rxc3 23. a4 Rec8 24. h3 Rc2 25. Bd3 Rd2 26. e5 Rc5 27. Re1 Ra5 28. Bc4 Rxe5 29. Rxe5 Rxd6 30.
Bxe6 Rxe6 31. Rc5 Kg7 32. Kh2 Rc6 33.
Rd5 Kf6 34. Rd7 Rc4 35. Rxb7 Rxa4 36. Ra7 h5 37. g4 h4 38. Kg2 Ra2+ 39. Kg1 g5 40. Kh1 a5 41. Kg1 a4 42. Ra5 a3 43. Rf5+ Kg6 44. Ra5 f6 45. Ra7 Ra1+ 46. Kg2 a2 47.
Kh2 Rf1 48. Rxa2 Rxf3 49. Ra7 f5 50. Ra6+ Kf7 51. gxf5 Rf2+ 52. Kg1 Rxf5 53. Kg2 Re5 54. Kf3 Rb5 55. Kg4 Kg7 56. Rc6 Rb3 57.
Kxg5 Rxh3 58. Rc7+ Kg8 59. Rc4 Rh1 60. Rxh4 Rxh4 61. Kxh4 1/2-1/2

[Event "FIDE U16 Olympiad_boards_1-80"]
[Site "Eindhoven, Netherlands"]
[Date "2023.08.14"]
[Round "3.78"]
[White "Thogata, Randheer"]
[Black "Terlouw, Wouter"]
[Result "1-0"]
[TimeControl "2700+10"]
[WhiteElo "1636"]
[BlackElo "1845"]

1. e4 c5 2. Nf3 Nc6 3. Bb5 g6 4. O-O Bg7 5. Re1 e5 6. b4 Nxb4 7. c3 Nc6 8. Ba3 Qb6 9. Bxc6 Qxc6 10.
d4 cxd4 11. cxd4 exd4 12. Nbd2 d3 13. Rc1 Qa6 14. Nc4 Nh6 15. Qxd3 Bf8 16. Qd4 Rg8 17. Nd6+ Kd8 18. Qf6+ Be7 19.
Nxf7+ 1-0

[Event "FIDE U16 Olympiad_boards_1-80"]
[Site "Eindhoven, Netherlands"]
[Date "2023.08.14"]
[Round "3.79"]
[White "Zecha, Oscar"]
[Black "Fan, Chloe"]
[Result "0-1"]
[TimeControl "2700+10"]
[WhiteElo "1867"]
[BlackElo "1787"]

1. d4 d5 2. c4 c6 3. Nf3 Nf6 4. e3 a6 5. Qb3 e6 6. Nc3 dxc4 7. Bxc4 b5 8. Be2 Nbd7 9. O-O Bb7 10. a4 Be7 11. Rd1 O-O 12.
Bd2 Qb6 13. Rdc1 b4 14. a5 Qc7 15. Na4 Qxa5 16. Nc5 Nxc5 17. dxc5 Qc7 18. Bxb4 Rfb8 19. Ba5 Bc8 20. Qa4 Qb7 21.
Ne5 Bd7 22. Nxd7 Qxd7 23. Rd1 Qe8 24. Qc2 Qc8 25. Ra4 Nd5 26. e4 Nf4 27. Bf1 e5 28. Bc3 Qg4 29. Bxe5 Nh3+ 30. Kh1 Qxd1 31.
Qc4 Nxf2+ 32. Kg1 Rd8 33.
Kxf2 Bxc5+ 34. Kg3 Qe1+ 35. Kg4 Be7 36. g3 Qd1+ 37. Be2 Qd7+ 38. Kf3 Bd6 39. Bxd6 Qxd6 40. Rxa6 Rxa6 41. Qxa6 Qf6+ 42. Kg2 Qxb2 43. Kh3 g6 44.
Bc4 Rd2 45. Qc8+ Kg7 46. Qc7 Rxh2+ 47. Kg4 h5+ 48. Kf4 Rf2+ 0-1

[Event "FIDE U16 Olympiad_boards_1-80"]
[Site "Eindhoven, Netherlands"]
[Date "2023.08.14"]
[Round "3.80"]
[White "O'carroll, Om"]
[Black "Westerhof, Fleur"]
[Result "0-1"]
[TimeControl "2700+10"]
[WhiteElo "1284"]
[BlackElo "1793"]

1. e4 e5 2. Nf3 Nc6 3. Bc4 Bc5 4.
c3 Nf6 5. d4 exd4 6. b4 Be7 7. e5 Ng4 8. cxd4 Bxb4+ 9. Kf1 d6 10. h3 Nh6 11. Bg5 Qd7 12. Bb5 a6 13. Bxh6 gxh6 14.
Bd3 dxe5 15. dxe5 Qd5 16. a3 Ba5 17. Qe2 Be6 18. Be4 Qc5 19. Nbd2 O-O-O 20. Rd1 Bxd2 21. Nxd2 Nxe5 22. Rb1 Nc6 23.
Kg1 Rhe8 24. Nf3 f5 25. Bxc6 Qxc6 26. Qb2 Rg8 27. Kh2 Bd5 28. Rhg1 Bxf3 29. gxf3 Qxf3 30. Rg3 Rxg3 31. fxg3 f4 32.
gxf4 Qxf4+ 33. Kh1 Qf3+ 34. Kh2 Re8 35. Kg1 Rg8+ 36. Kh2 Qg3+ 37. Kh1 Qxh3+ 38. Qh2 Qf3+ 0-1